 Dungeon Crawl Stone Soup version 0.26.1-2-gb8aa6d0cf2 (webtiles) character file.

Game seed: 12204470869946033999

2683 sking99 the Cleaver (level 9, 81/81 HPs)
             Began as a Hill Orc Fighter on Feb 20, 2021.
             Was an Initiate of Kikubaaqudgha.
             Quit the game in the Ecumenical Temple on Feb 21, 2021.
             The game lasted 00:13:40 (8123 turns).

sking99 the Cleaver (Hill Orc Fighter)              Turns: 8123, Time: 00:13:40

Health: 81/81      AC: 12    Str: 22    XL:     9   Next: 64%
Magic:  9/9        EV:  8    Int:  8    God:    Kikubaaqudgha [......]
Gold:   286        SH: 10    Dex: 10    Spells: 8/8 levels left

rFire    + . .     SeeInvis .   a - +1 war axe
rCold    . . .     Faith    .   c - +0 kite shield
rNeg     . . .     Spirit   .   b - +0 scale mail
rPois    .         Reflect  .   w - +0 helmet
rElec    .         Harm     .   z - +1 cloak
rCorr    .         Rampage  .   D - +0 pair of gloves (curse)
Will     .....                  (no boots)
Stlth    ..........             (no amulet)
HPRegen  0.23/turn              x - ring of protection from fire
MPRegen  0.11/turn              (no ring)

@: no status effects
A: no striking features
a: Renounce Religion


You were in the Ecumenical Temple.
You worshipped Kikubaaqudgha.
Kikubaaqudgha was noncommittal.
You visited 2 branches of the dungeon, and saw 9 of its levels.

You collected 286 gold pieces.

Inventory:

Hand Weapons
 a - a +1 war axe (weapon)
Missiles
 o - 6 curare-tipped darts (quivered)
 A - a throwing net
Armour
 b - a +0 scale mail (worn)
 c - a +0 kite shield (worn)
 l - a scarf of resistance
 w - a +0 helmet (worn)
 z - a +1 cloak (worn)
 D - a cursed +0 pair of gloves (worn)
Jewellery
 x - a ring of protection from fire (left hand)
Wands
 y - a wand of iceblast (18)
 C - a wand of random effects (22)
Scrolls
 f - 3 scrolls of blinking
 g - 2 scrolls of identify
 k - 3 scrolls of teleportation
 m - 3 scrolls of amnesia
 n - 4 scrolls of remove curse
 q - 2 scrolls of fog
 u - a scroll of fear
 E - a scroll of enchant armour
Potions
 d - a potion of might
 e - a potion of flight {unknown}
 h - 3 potions of brilliance
 i - a potion of invisibility {unknown}
 j - 5 potions of curing
 p - 7 potions of heal wounds
 r - a potion of berserk rage
 s - a potion of haste
 t - a potion of lignification
 v - 2 potions of degeneration
 B - a potion of ambrosia {unknown}


   Skills:
 + Level 7.8 Fighting
 * Level 10.8 Axes
 + Level 7.1 Armour
 + Level 7.1 Shields


You had 8 spell levels left.
You didn't know any spells.
Your spell library contained the following spells:

 Spells                   Type           Power        Failure   Level
 Corona                   Hex            0%           96%         1
 Ensorcelled Hibernation  Hex/Ice        0%           99%         2
 Confusing Touch          Hex            0%           100%        3
 Dazzling Flash           Conj/Hex       0%           100%        3
 Tukima's Dance           Hex            0%           100%        3


Dungeon Overview and Level Annotations

Branches:
Dungeon (8/15)             Temple (1/1) D:5
   Lair: D:8-11

Altars:
Ashenzari
Cheibriados
Fedhas
Gozag
Hepliaklqana
Kikubaaqudgha
Makhleb
Okawaru
Ru
Sif Muna
Trog
Uskayaw
Vehumet
Wu Jian
Xom
Yredelemnul
Zin
The Shining One

Shops:
D:5 (   D:6 :}[(   D:7 (


Message History

There is an open door here.
There is an open door here.
You open the door.
Found a broken altar of Ashenzari.
There is an open door here.
There is an open door here.
You open the door.
Found an ornate altar of the Wu Jian Council.
There is an open door here.
There is an open door here.
You open the door.
Found a burning altar of Makhleb.
There is an open door here.
Done exploring.
Done exploring.
There is an open door here.
There is an ancient bone altar of Kikubaaqudgha here.
You kneel at the altar of Kikubaaqudgha.
Kikubaaqudgha welcomes you!
Are you sure you want to abandon this character and quit the game? (Confirm with "yes".)

....##...##
##...##.......#
....#.....#
#.....#.......##
....'.._..#
#.._..'.......P#
....#.....#
#.....#.......##
....##...##
##...##........#
....######
######.......##
....##...##
##...##.......P#
....#.....#
#.....#.......##
....'.._..#
#..@..'........#
....#.....#
#.....#.......##
....##...##
##...##.......P#
....######
######.......##
....##...##
##...##........#
....#.....#
#.....#.......##
....'.._..#
#.._..'.......P#
....#.....#
#.....#.......##
....##...##
##...##........#


There were no monsters in sight!

Vanquished Creatures
  A komodo dragon (D:7)
  A water moccasin (D:7)
  2 phantoms
  5 ogres
  3 centaurs (D:7)
  2 bullfrogs
  A wyvern skeleton (D:7)
  3 scorpions
  2 howler monkeys
  2 centaur zombies
  A hound (D:4)
  A jelly (D:7)
  3 orc priests
  3 orc wizards
  3 iguanas
  8 worker ants
  A hound zombie (D:5)
  A howler monkey zombie (D:5)
  A worker ant zombie (D:6)
  9 adders
  An ufetubus (D:5)
  An ooze (D:3)
  2 worms (D:3)
  3 dart slugs
  8 leopard geckos
  13 orcs
  7 bats
  4 giant cockroaches
  9 goblins
  7 hobgoblins
  8 jackals
  2 quokkas
  2 ball pythons
  4 frilled lizards
  A jackal zombie (D:7)
  8 kobolds
  2 leopard gecko skeletons
  7 rats
142 creatures vanquished.

Vanquished Creatures (others)
  19 plants
19 creatures vanquished.

Grand Total: 161 creatures vanquished

Notes
Turn   | Place    | Note
-------+----------+-------------------------------------------
     0 | D:1      | sking99 the Hill Orc Fighter began the quest for the Orb.
     0 | D:1      | Reached XP level 1. HP: 19/19 MP: 1/1
   178 | D:1      | Reached skill level 3 in Axes
   294 | D:1      | Reached XP level 2. HP: 25/27 MP: 2/2
   643 | D:1      | Reached XP level 3. HP: 23/33 MP: 3/3
  1028 | D:2      | Reached skill level 4 in Axes
  1072 | D:2      | Reached XP level 4. HP: 36/40 MP: 4/4
  1475 | D:2      | Found a glowing silver altar of Zin.
  1504 | D:2      | Found a hazy altar of Hepliaklqana.
  1505 | D:2      | Found a shimmering altar of Xom.
  2195 | D:3      | Reached XP level 5. HP: 43/47 MP: 5/5
  2460 | D:3      | Found a bloodstained altar of Trog.
  2596 | D:3      | Reached skill level 5 in Axes
  2775 | D:4      | Noticed an ogre
  2790 | D:4      | Killed an ogre
  2791 | D:4      | Reached XP level 6. HP: 31/55 MP: 6/6
  2985 | D:4      | Found an iron altar of Okawaru.
  2995 | D:4      | Reached skill level 5 in Fighting
  3153 | D:4      | Reached skill level 6 in Axes
  3425 | D:4      | Reached XP level 7. HP: 53/61 MP: 7/7
  3721 | D:4      | Reached skill level 7 in Axes
  3721 | D:4      | Reached skill level 5 in Armour
  3721 | D:4      | Reached skill level 5 in Shields
  4243 | D:5      | Entered Level 5 of the Dungeon
  4583 | D:5      | Reached XP level 8. HP: 66/70 MP: 8/8
  4755 | D:5      | Reached skill level 8 in Axes
  4977 | D:5      | Found a radiant altar of Vehumet.
  5109 | D:5      | Found a shimmering blue altar of Sif Muna.
  5181 | D:5      | Found Fuxtot's Antique Weapon Boutique.
  5365 | D:6      | Found Kukef's Antique Armour Boutique.
  5371 | D:6      | Found Meudd's Antique Weapon Shoppe.
  5534 | D:6      | Found Ogriv's Gadget Shop.
  5579 | D:6      | Reached skill level 9 in Axes
  5814 | D:6      | Reached XP level 9. HP: 58/79 MP: 9/9
  5970 | D:6      | Found an opulent altar of Gozag.
  5984 | D:6      | Found Moutterph's Book Emporium.
  6480 | D:7      | Noticed a komodo dragon
  6490 | D:7      | Killed a komodo dragon
  6491 | D:7      | Reached skill level 10 in Axes
  7230 | D:7      | Found Gawaeng's Hydra Hut.
  7231 | D:7      | Noticed a five-headed hydra
  7905 | D:5      | Found a staircase to the Ecumenical Temple.
  7915 | Temple   | Entered the Ecumenical Temple
  8122 | Temple   | Became a worshipper of Kikubaaqudgha
  8123 | Temple   | Quit the game

Illustrated notes

Levels and vault maps discovered:
D:1:      ebering_trefoil_twist, layout_loops_cross
D:2:      layout_loops_ring, gammafunk_temple_overflow_claw
D:3:      layout_rooms, old_standard_altar, serial_glass, glass_columns_b,
          glass_columns_b, glass_columns_a, glass_columns_a, glass_columns_a,
          glass_columns_c, glass_columns_a, glass_columns_c, item_on_display_a,
          item_on_display_a, due_unseen_surprise, feat_on_display
D:4:      layout_cave_pools, okawaru_trees_2, serial_bayou, serial_bayou_lake_a,
          serial_bayou_shore_a, serial_bayou_pond_c, serial_bayou_pond_e,
          serial_bayou_lagoon_b
D:5:      layout_basic, lemuel_coloured_pillars_altar,
          minmay_temple_entry_fiery, serial_shops, shop, lemuel_blue_sif_altar
D:6:      layout_loops_cross, kennysheep_mini_moat, serial_shops,
          nicolae_shop_behind_doors, shop, kennysheep_mini, shop
D:7:      layout_cave_pools, hex_large, minmay_misc_feat_rows,
          doesnt_shop_hydraphobe
D:8:      layout_loops_ring, kennysheep_little_box, elyvilon_altar_3,
          hangedman_decor_riveting, uniq_grum, uniq_maurice
Temple:   minmay_temple_curvy_loop

Skill      XL: |  1  2  3  4  5  6  7  8  9 |
---------------+----------------------------+-----
Axes           | 3 4 5 6 7 9 10 | 10.8
Fighting       | 4 5 6 7 |  7.8
Armour         | 4 5 6 7 |  7.1
Shields        | 4 5 6 7 |  7.1

Action                   |  1- 3 |  4- 6 |  7- 9 || total
-------------------------+-------+-------+-------++-------
Melee: War axe           |    76 |   176 |   262 ||   514
  Use: Potion            |       |     1 |       ||     1
       Scroll            |       |    15 |       ||    15
Armor: Scale mail        |    24 |    88 |    81 ||   193
Dodge: Dodged            |    26 |    68 |    58 ||   152
Block: Kite shield       |    39 |    87 |    98 ||   224
